 Dungeon Crawl Stone Soup version 0.26-a0-672-g1df16c3386 (webtiles) character file.

Game seed: 15908621499816263198

687079 robertstho the Axe Maniac (level 27, -11/409 HPs)
             Began as a Minotaur Berserker on Oct 16, 2020.
             Was the Champion of Trog.
             Hit by a silver javelin thrown by a merfolk javelineer (22 damage)
             ... on level 16 of a ziggurat on Oct 19, 2020.
             The game lasted 02:27:25 (70307 turns).

robertstho the Axe Maniac (Minotaur Berserker)     Turns: 70307, Time: 02:27:25

Health: -11/409    AC: 43    Str: 41    XL:     27
Magic:  7/7        EV: 19    Int:  4    God:    Trog [******]
Gold:   5082       SH: 45    Dex: 11    Spells: 26/26 levels left

rFire    + + +     SeeInvis +   q - +9 broad axe (antimagic)
rCold    + . .     Faith    .   r - +10 tower shield of Ignorance {rN+ Int-4}
rNeg     + . .     Spirit   .   R - +12 gold dragon scales
rPois    +         Reflect  +   (helmet unavailable)
rElec    +         Harm     .   z - scarf {+Inv}
rCorr    +         Rampage  .   y - +2 pair of gloves {Str+3}
MR       +....     Rnd*Rage +   x - +2 pair of boots of the Nexus {rElec rPois}
Stlth    ..........             S - amulet "Asyneq" {Reflect *Corrode rPois rF++ Int+2 SH+5}
HPRegen  1.18/turn              C - ring "Sesec" {rElec rPois MR- Slay+5 SInv}
MPRegen  0.10/turn              X - ring "Aneih" {rCorr Str+4 SInv}

@: berserking (expiring), corroded, very quick
A: retaliatory headbutt, fangs 1, horns 3, berserk 1, blurry vision 1,
regeneration 1, strong 1
}: 3/15 runes: decaying, silver, gossamer
a: Berserk, Trog's Hand, Brothers in Arms, Renounce Religion, Evoke Invisibility


You were on level 16 of a ziggurat.
You worshipped Trog.
Trog was exalted by your worship.
You visited 11 branches of the dungeon, and saw 50 of its levels.
You visited the Abyss 2 times.
You visited 1 bazaar.
You visited 1 ziggurat, and saw 16 of its levels.
You also visited: Trove, Sewer, Bailey, Gauntlet and Ice Cave.

You collected 9044 gold pieces.
You spent 3962 gold pieces at shops.

Inventory:

Hand Weapons
 q - a +9 antimagic broad axe (weapon)
 V - the +12 battleaxe of the Apocalypse {vorpal, rF- Int+8}
   (Trog gifted it to you on level 4 of the Vaults)

   It inflicts extra damage upon your enemies.
   It affects your intelligence (+8).
   It makes you vulnerable to fire.
 Y - the +4 broad axe of Iconoclasm {flame, rN+ MR+}
   (You found it on level 13 of a ziggurat)

   It has been specially enchanted to burn those struck by it, causing extra
   injury to most foes and up to half again as much damage against particularly
   susceptible opponents.
   Big, fiery blades are also staple armaments of hydra-hunters.
   It protects you from negative energy.
   It affects your resistance to hostile enchantments.
Armour
 r - the +10 tower shield of Ignorance (worn) {rN+ Int-4}
   (You took it off a deep elf mage on level 3 of the Elven Halls)

   It affects your intelligence (-4).
   It protects you from negative energy.
 x - the +2 pair of boots of the Nexus (worn) {rElec rPois}
   (You found it on level 6 of the Dungeon)

   It insulates you from electricity.
   It protects you from poison.
 y - a +2 pair of gloves of strength (worn)
 z - a scarf of invisibility (worn)
 R - +12 gold dragon scales (worn)
Jewellery
 f - the ring of Noqyetry {rC+ rCorr Int+4 Dex+3}
   (You found it in a treasure trove)

   [ring of resist corrosion]

   It affects your intelligence (+4).
   It affects your dexterity (+3).
   It protects you from cold.
   It provides partial protection from all sources of acid and corrosion.
 l - the ring of the Invisible Hand {+Fly rN+ MP+9}
   (You found it in a treasure trove)

   [ring of flight]

   It protects you from negative energy.
   It affects your magic capacity (+9).
   It lets you fly.
 m - the amulet of Diot {MR+ Regen+ Str+3 Int-2 Stlth+}
   (You found it on level 3 of the Crypt)

   [amulet of regeneration]

   It affects your strength (+3).
   It affects your intelligence (-2).
   It affects your resistance to hostile enchantments.
   It increases your rate of regeneration.
   It makes you more stealthy.
 w - the ring of the Hero {+Inv rPois rN+++ Str-3 Stlth+}
   (You found it on level 2 of the Depths)

   [ring of stealth]

   It affects your strength (-3).
   It protects you from poison.
   It renders you almost immune to negative energy.
   It lets you turn invisible.
   It makes you more stealthy.
 C - the ring "Sesec" (left hand) {rElec rPois MR- Slay+5 SInv}
   (You found it on level 5 of the Lair of Beasts)

   [ring of see invisible]

   It affects your accuracy and damage with ranged weapons and melee attacks
   (+5).
   It insulates you from electricity.
   It protects you from poison.
   It affects your resistance to hostile enchantments.
   It lets you see invisible.
 P - the ring of the Castellan {rC+ Str+4 Int+3 Dex-3 Stlth+}
   (You took it off a minotaur in a Gauntlet)

   [ring of protection from cold]

   It affects your strength (+4).
   It affects your intelligence (+3).
   It affects your dexterity (-3).
   It protects you from cold.
   It makes you more stealthy.
 S - the amulet "Asyneq" (around neck) {Reflect *Corrode rPois rF++ Int+2 SH+5}
   (You found it in a Gauntlet)

   [amulet of reflection]

   It shields you and reflects attacks.
   It affects your intelligence (+2).
   It greatly protects you from fire.
   It protects you from poison.
   It may corrode you when you take damage.
   It affects your SH (+5).
 T - the ring of Ecor {+Fly rC+ MR+ Str+2}
   (You found it in a treasure trove)

   [ring of protection from magic]

   It affects your strength (+2).
   It protects you from cold.
   It affects your resistance to hostile enchantments.
   It lets you fly.
 W - the ring of Jikhaun {rC- rN+ MR+ Int+6 Dex+4}
   (You found it in a Gauntlet)

   [ring of intelligence]

   It affects your intelligence (+6).
   It affects your dexterity (+4).
   It makes you vulnerable to cold.
   It protects you from negative energy.
   It affects your resistance to hostile enchantments.
 X - the ring "Aneih" (right hand) {rCorr Str+4 SInv}
   (You bought it in a shop on level 3 of the Vaults)

   [ring of resist corrosion]

   It affects your strength (+4).
   It lets you see invisible.
   It provides partial protection from all sources of acid and corrosion.
Wands
 t - a wand of iceblast (70)
 A - a wand of acid (52)
 D - a wand of digging (4)
Scrolls
 b - 8 scrolls of fog
 c - 26 scrolls of teleportation
 d - 8 scrolls of magic mapping
 h - 8 scrolls of immolation
 i - 27 scrolls of remove curse
 u - 7 scrolls of fear
 v - 5 scrolls of blinking
 E - 5 scrolls of enchant weapon
 G - 8 scrolls of holy word
 J - a scroll of silence
 L - 19 scrolls of identify
Potions
 a - 7 potions of magic
 g - 12 potions of haste
 j - 4 potions of heal wounds
 n - 12 potions of stabbing
 p - 6 potions of flight
 s - 25 potions of curing
 B - 6 potions of ambrosia
 F - 8 potions of might
 H - 5 potions of cancellation
 O - 3 potions of resistance
 Q - 15 potions of mutation
 U - 4 potions of invisibility
Miscellaneous
 e - a condenser vane (2/2)
 k - a tin of tremorstones (3/3)
 I - a phantom mirror
 Z - a condenser vane (2/2)


   Skills:
 O Level 27 Fighting
   Level 4.7 Long Blades
 O Level 27 Axes
   Level 2.0(18.8) Maces & Flails
   Level 3.2(18.9) Polearms
 + Level 1.4 Throwing
 O Level 27 Armour
 * Level 22.4 Dodging
 + Level 4.8 Stealth
 O Level 27 Shields
 + Level 1.5 Unarmed Combat
 + Level 2.6 Evocations


You had 26 spell levels left.
You didn't know any spells.
Your spell library was empty.

Dungeon Overview and Level Annotations

Branches:
Dungeon (15/15)            Temple (0/1) D:7            Lair (6/6) D:10
  Swamp (4/4) Lair:4       Spider (4/4) Lair:2        Slime (0/5) Lair:6
    Orc (2/2) D:12            Elf (3/3) Orc:2        Vaults (5/5) D:14
  Crypt (3/3) Vaults:3       Tomb (1/3) Crypt:3      Depths (5/5) D:15
    Zot (2/5) Depths:5      Sewer (visited)          Bailey (visited)
  IceCv (visited)         Gauntlet (visited)

Altars:
Ashenzari
Fedhas
Gozag
Kikubaaqudgha
Qazlal
Ru
Sif Muna
Vehumet
Xom
Yredelemnul
Beogh

Shops:
D:4 =   D:8 (   D:9 [}!(   D:10 !   Orc:1 ***   Orc:2 (=:}   Vaults:2 *
Vaults:3 *   Vaults:5 !   Depths:1 [   Depths:2 ?

Portals:
Hell: Depths:1 Depths:2 Depths:3 Depths:4 Depths:5
Abyss: Depths:4
Pandemonium: Depths:1 Depths:3

Annotations:
D:3 2 transporters, Demosthentine's ghost, amateur FoFi
Depths:3 2 transporters


Innate Abilities, Weirdness & Mutations

You reflexively headbutt those who attack you in melee.
You have a pair of large horns on your head.
You have very sharp teeth.
You tend to lose your temper in combat.
Scrolls take you a little longer to read.
Your natural rate of healing is unusually fast.
Your muscles are strong. (Str +2)


Message History

The silver sears you!
* * * LOW HITPOINT WARNING * * *
You block the merfolk's attack.
Your stone giant hits the merfolk!!!
The merfolk dies!
Trog accepts your kill.
You have mastered Armour!
Unknown command.
You feel a strong urge to attack something.
The merfolk throws a boomerang of dispersal.
You reflect the boomerang of dispersal off an invisible shield around you!
The boomerang of dispersal hits the merfolk!!
The merfolk blinks!
The merfolk javelineer throws a silver javelin.
The silver javelin pierces through you but does no damage.
The silver sears you!
* * * LOW HITPOINT WARNING * * *
The merfolk javelineer throws a silver javelin.
The silver javelin pierces through you!!
You die...

.................▓
.................▓
.........)).)....▓
.........mC..)..(▓
.......mm†t)))..∩▓
...(...ttmm)))†.(▓
..........).†)...▓
............))..(▓
.......@.........▓
...§......(.(...(▓
.........▓▓▓▓▓▓▓▓▓
.........▓
.........▓
.........▓
.........▓
.........▓


You could see a merfolk impaler, a merfolk javelineer, 3 snapping turtles, 2
merfolk, a merfolk siren and a friendly stone giant (summoned, berserk).

Vanquished Creatures
  3 ancient liches
  4 juggernauts
  2 greater mummies (Tomb:1)
  Sojobo (Depths:2)
  Frederick (Vaults:4)
  Saint Roka (Depths:3)
  2 curse toes
  6 golden dragons
  Nikola (Elf:2)
  A caustic shrike (Depths:3)
  A profane servitor (Zig:9)
  the Enchantress (Depths:2)
  Arachne (Spider:3)
  A pandemonium lord (Zig:2)
  An electric golem (Zot:2)
  2 hellephants (Zig:12)
  8 liches
  Jorgrun (Swamp:1)
  An Ice Fiend (Zig:15)
  20 tentacled monstrosities
  Asterion (Spider:1)
  8 quicksilver dragons
  2 deep elf master archers (Elf:3)
  4 titans
  2 acid blobs (Zig:8)
  5 death cobs
  3 deep elf blademasters
  A tentacled starspawn (Zig:14)
  6 sphinxes
  Gastronok (D:11)
  11 tengu reavers
  7 thorn hunters
  6 shadow dragons
  An Executioner (Zig:14)
  6 storm dragons
  Kirke (Elf:1)
  A kraken (Abyss:3)
  4 ancient champions
  12 fire giants
  3 revenants
  3 draconian monks
  Roxanne (Elf:2)
  5 draconian scorchers
  3 iron dragons
  3 nagarajas
  An orc warlord (Depths:3)
  16 frost giants
  A draconian knight (Zot:2)
  2 draconian shifters (Zot:2)
  Aizul (Spider:2)
  7 ghost moths
  A balrug (Zig:10)
  A ghost moth (shapeshifter) (Depths:2)
  14 ironheart preservers
  6 deep elf sorcerers
  A curse skull (Crypt:1)
  6 emperor scorpions
  8 ghouls (Crypt:2)
  3 spriggan defenders (Depths:2)
  13 vault wardens
  3 draconian stormcallers
  A juggernaut zombie (Zig:15)
  4 draconian annihilators
  2 reapers (Zig:15)
  An angel (Zig:1)
  2 caustic shrike skeletons
  22 stone giants
  4 deep elf elementalists
  3 war gargoyles
  3 entropy weavers
  20 very ugly things
  25 vampire knights
  6 deep elf demonologists
  6 green draconians
  12 deep elf annihilators
  9 red draconians
  30 slime creatures
  3 dire elephants
  2 yellow draconians
  The ghost of Lifa Ysm the Blocker, a journeyman DsBe of Trog (D:15)
  7 black draconians
  A minotaur (Gauntlet)
  5 white draconians
  4 purple draconians
  A green death (Abyss:3)
  Azrael (D:15)
  7 spark wasps
  3 blizzard demons
  4 merfolk javelineers (Zig:16)
  Josephine (D:10)
  5 deep elf death magi
  12 ettins
  9 fire dragons
  A death ooze (Zig:8)
  9 eidola
  4 deep elf high priests
  4 mummy priests
  A quicksilver dragon zombie (Crypt:3)
  11 jiangshi
  4 merfolk impalers
  2 naga warriors
  30 yaktaur captains
  10 great orbs of eyes
  27 hydras
  Fannar (D:10)
  8 boulder beetles
  14 ice dragons
  8 rakshasas
  A ghost crab (Swamp:4)
  A shambling mangrove (Swamp:3)
  3 merfolk avatars (Zig:16)
  4 catoblepae
  35 vault guards
  2 anacondas (shapeshifter)
  3 spriggan air magi
  7 alligators
  8 centaur warriors
  9 tengu warriors
  3 anacondas (Zig:7)
  2 merfolk aquamancers
  42 two-headed ogres
  8 deep troll shamans
  7 death knights
  38 dancing weapons
  4 death yaks (Lair:6)
  A queen ant (Lair:2)
  A hell hog (Zig:14)
  A titan zombie (Crypt:3)
  4 deep troll earth magi
  16 ogre magi
  15 vampire magi
  11 spriggan berserkers
  A soul eater (Crypt:3)
  3 thrashing horrors
  2 shock serpents
  15 spriggans
  26 deep elf knights
  5 orc high priests
  A naga sharpshooter (Zig:3)
  A storm dragon zombie (Crypt:3)
  8 wretched stars
  A sun demon (Zig:9)
  4 hell knights
  2 salamander mystics
  4 titan skeletons
  3 shadow wraiths
  A cherub (Zig:1)
  A sixfirhy (Zig:14)
  21 deep trolls
  A golden dragon zombie (Crypt:3)
  A shadow demon (Zig:2)
  An anaconda zombie (Crypt:3)
  2 sea snakes (Zig:16)
  62 skeletal warriors
  3 spriggan druids
  13 swamp dragons
  3 unseen horrors
  4 spatial maelstroms
  A swamp dragon (shapeshifter) (D:15)
  4 wizards
  A glowing orange brain (Depths:3)
  3 tengu zombies
  8 flayed ghosts
  A shadow dragon zombie (Crypt:2)
  30 phantasmal warriors
  19 deep elf archers
  A lindwurm (shapeshifter) (Vaults:5)
  6 orange crystal statues
  Pikel (D:5)
  16 harpies
  10 orc knights
  36 ugly things
  A harpy (shapeshifter) (Depths:1)
  A wolf spider (shapeshifter) (Depths:5)
  26 wolf spiders
  9 orb spiders
  2 mana vipers (shapeshifter) (Depths:4)
  12 necromancers
  4 oklob plants (Lair:5)
  76 deep elf magi
  4 iron dragon zombies
  5 tengu skeletons
  A fire giant zombie (Crypt:3)
  4 orc sorcerers
  A shining eye (Zig:9)
  14 ironbrand convokers
  2 mana vipers (Zig:7)
  10 cyclopes
  5 frost giant zombies
  A shadow dragon skeleton (Zig:10)
  3 worldbinders
  4 stone giant zombies
  7 salamanders
  3 manticores
  15 moths of wrath
  A sphinx skeleton (Zig:15)
  An iron dragon skeleton (Zig:10)
  7 water nymphs
  An apocalypse crab (Zig:14)
  15 elephants
  3 naga magi (Zig:11)
  8 black mambas
  4 merfolk sirens
  6 gargoyles
  3 ice statues
  Maurice (Orc:1)
  2 human skeletons
  5 centaur skeletons
  11 vault sentinels
  3 elf zombies (Zig:15)
  Psyche (D:9)
  A guardian serpent (Zig:3)
  5 torpor snails
  An orange demon (Abyss:3)
  2 spriggan skeletons (Zig:15)
  A cane toad (shapeshifter) (Depths:5)
  24 cane toads
  A smoke demon (Abyss:3)
  Maggie (D:6)
  The ghost of GoodGuyCap the Insei, a novice OpMo (D:5)
  A dire elephant skeleton (Crypt:1)
  3 kobold demonologists
  7 freezing wraiths
  16 ice devils
  66 yaktaurs
  2 rime drakes
  2 tormentors
  A yaktaur (shapeshifter) (Depths:3)
  A black draconian zombie (Crypt:1)
  A komodo dragon (shapeshifter) (D:13)
  A yaktaur skeleton (Vaults:4)
  13 komodo dragons
  14 demonic crawlers
  A yellow draconian skeleton (Crypt:3)
  An efreet (Abyss:3)
  A polar bear (shapeshifter) (Vaults:5)
  5 ancient zymes
  17 guardian mummies
  A red devil (Zig:10)
  3 tengu conjurers
  15 trolls
  A hydra zombie (Crypt:3)
  A purple draconian skeleton (Crypt:3)
  37 jumping spiders
  A wind drake (shapeshifter) (D:15)
  8 merfolk
  2 meliai (D:15)
  4 polar bears
  3 meliai (shapeshifter)
  13 tyrant leeches
  A blink frog (shapeshifter) (Depths:1)
  An ice dragon zombie (Crypt:3)
  30 hornets
  12 blink frogs
  A tyrant leech (shapeshifter) (Depths:2)
  2 wind drakes (Zig:16)
  4 human simulacra
  17 bog bodies
  A snapping turtle (shapeshifter) (Elf:2)
  A hornet (shapeshifter) (Vaults:2)
  A guardian serpent zombie (Crypt:1)
  3 raiju
  An ettin zombie (Crypt:3)
  2 fire dragon zombies (Crypt:2)
  2 spriggan zombies
  2 meliai zombies
  An alligator zombie (Crypt:3)
  4 dream sheep (Lair:4)
  A redback (shapeshifter) (Vaults:5)
  2 alligator skeletons
  35 starcursed masses
  7 shadows
  An ettin skeleton (Crypt:2)
  Sigmund (D:5)
  3 ynoxinuls
  21 flying skulls
  13 water elementals
  30 tarantellas
  105 redbacks
  2 air elementals
  9 wyverns
  A human (shapeshifter) (Vaults:2)
  6 fire elementals
  2 hogs (Elf:1)
  14 large abominations
  25 wraiths
  3 tarantellas (shapeshifter)
  6 golden eyes
  Eustachio (D:5)
  41 yaks
  6 basilisks
  A deep troll zombie (Crypt:1)
  3 neqoxecs
  6 vampire mosquitoes
  A torturous demonspawn zombie (Crypt:1)
  6 chaos spawn
  A merfolk zombie (Crypt:1)
  14 soldier ants (Lair:2)
  18 insubstantial wisps
  10 wargs
  2 soldier ants (shapeshifter)
  10 swamp worms
  A water moccasin (shapeshifter) (Depths:3)
  16 water moccasins
  3 floating eyes
  2 hell hounds (D:15)
  A floating eye (shapeshifter) (Depths:2)
  A monstrous demonspawn skeleton (Crypt:1)
  11 swamp drakes
  An ettin simulacrum (Vaults:3)
  53 orc warriors
  A black bear (shapeshifter) (Vaults:4)
  A swamp dragon zombie (Crypt:3)
  A manticore zombie (Crypt:2)
  An eye of draining (Zig:8)
  5 phantoms
  3 sky beasts
  A deep troll simulacrum (Depths:1)
  3 ice beasts
  7 small abominations
  3 necrophages
  An ogre (shapeshifter) (Depths:2)
  22 wolves
  An eye of draining (shapeshifter) (Depths:4)
  50 ogres
  11 boggarts
  26 centaurs
  A dream sheep skeleton (Crypt:2)
  2 lemures (D:5)
  A fire crab zombie (Crypt:2)
  3 big kobolds
  9 bullfrogs
  3 human zombies
  3 earth elementals
  5 scorpions
  A troll zombie (Crypt:3)
  4 killer bees (D:10)
  6 electric eels
  18 wights
  A yak skeleton (Crypt:3)
  2 howler monkeys
  2 bullfrog zombies
  A jelly (D:9)
  2 quasits
  13 orc priests
  A bullfrog skeleton (D:7)
  3 hounds
  11 hell rats
  4 iguanas
  31 worker ants
  24 orc wizards
  A hound zombie (D:8)
  A hound skeleton (D:10)
  24 mummies
  A howler monkey zombie (D:7)
  10 gnolls
  21 adders
  2 river rats (D:4)
  A shadow imp (D:5)
  13 white imps
  9 ufetubi
  8 oozes
  A halfling zombie (Crypt:2)
  2 adder skeletons
  An adder zombie (D:8)
  12 worms
  4 dart slugs
  3 leopard geckos
  101 orcs
  14 bats
  6 giant cockroaches
  4 goblins
  8 hobgoblins
  10 jackals
  19 kobolds
  4 quokkas
  4 ball pythons
  7 frilled lizards
  A giant cockroach zombie (Crypt:3)
  A leopard gecko zombie (Crypt:3)
  3 quokka skeletons
  A quokka zombie (D:8)
  10 rats
  22 briar patches
  A butterfly (Lair:3)
  A starspawn tentacle (Zig:14)
  A tentacle (Abyss:3)
2908 creatures vanquished.

Vanquished Creatures (collateral kills)
  A thorn hunter (Swamp:3)
  An entropy weaver (Spider:3)
  An ironheart preserver (D:14)
  A deep elf demonologist (Elf:2)
  A boulder beetle (Lair:6)
  A ghost crab (Swamp:4)
  A two-headed ogre (D:14)
  A death yak (Lair:6)
  A naga sharpshooter (Zig:7)
  A skeletal warrior (D:15)
  A lindwurm (Lair:6)
  6 deep elf magi
  9 orb spiders
  2 ugly things (D:15)
  A wolf spider (Spider:1)
  A cyclops (D:14)
  A manticore (D:14)
  A naga mage (Zig:7)
  A spriggan zombie (Zig:15)
  An ice statue (Zig:7)
  A freezing wraith (D:15)
  A meliai (D:15)
  A troll (D:14)
  5 jumping spiders
  5 merfolk (Zig:16)
  2 bog bodies
  A hornet (Spider:3)
  A slime creature (Swamp:4)
  A redback (Spider:3)
  3 yaks (Lair:6)
  A basilisk (D:15)
  A soldier ant (Lair:2)
  2 water moccasins (Lair:6)
  3 swamp drakes
  2 wolves (Lair:6)
  3 worker ants (Lair:2)
  A white imp (Zig:15)
  3 goblins (D:14)
  A crawling corpse (Elf:3)
72 creatures vanquished.

Vanquished Creatures (others)
  A quicksilver dragon (Zot:1)
  An alligator (Swamp:4)
  An ogre mage (Vaults:2)
  A spriggan (Swamp:4)
  A spriggan druid (Swamp:4)
  3 merfolk (Zig:16)
  A jumping spider (Spider:2)
  A hornet (Swamp:4)
  2 redbacks
  A boggart (Vaults:2)
  A centaur (Zig:16)
  4 white imps
  2 ufetubi (IceCv)
  A goblin (shapeshifter) (Vaults:5)
  6 briar patches
  A bush (D:10)
  2 demonic plants (Gauntlet)
  29 fungi
  79 plants
  2 starspawn tentacles (Zig:14)
  3 tentacles (Abyss:3)
  33 withered plants (Swamp:3)
176 creatures vanquished.

Grand Total: 3156 creatures vanquished

Notes
Turn   | Place    | Note
-------+----------+-------------------------------------------
     0 | D:1      | robertstho the Minotaur Berserker began the quest for the
                  | Orb.
     0 | D:1      | Reached XP level 1. HP: 19/19 MP: 0/0
   135 | D:1      | Reached XP level 2. HP: 27/27 MP: 1/1
   164 | D:1      | Found a broken altar of Ashenzari.
   707 | D:2      | Reached XP level 3. HP: 20/33 MP: 2/2
   946 | D:2      | Reached skill level 1 in Shields
  1090 | D:2      | Reached XP level 4. HP: 21/41 MP: 3/3
  1098 | D:2      | Reached ** piety under Trog
  1600 | D:2      | Reached skill level 5 in Axes
  1967 | D:3      | Noticed an ice beast
  1985 | D:3      | Killed an ice beast
  1985 | D:3      | Reached XP level 5. HP: 25/47 MP: 4/4
  2025 | D:3      | Reached skill level 5 in Fighting
  2246 | D:3      | Found a transporter.
  2319 | D:3      | Reached XP level 6. HP: 56/56 MP: 5/5
  2344 | D:3      | Found a transporter.
  2349 | D:3      | Noticed Demosthentine's ghost (amateur FoFi)
  2847 | D:4      | Reached *** piety under Trog
  2972 | D:4      | Found Retad's Jewellery Boutique.
  3128 | D:4      | Reached XP level 7. HP: 61/61 MP: 6/6
  3238 | D:4      | Found a glowing drain.
  3271 | Sewer    | Entered a sewer
  3732 | Sewer    | Reached **** piety under Trog
  4127 | D:5      | Entered Level 5 of the Dungeon
  4227 | D:5      | Found a runed translucent gate.
  4227 | D:5      | Found a runed translucent gate.
  4229 | D:5      | Found a runed translucent gate.
  4449 | D:5      | Noticed Pikel
  4475 | D:5      | Killed Pikel
  4475 | D:5      | Reached skill level 5 in Armour
  4475 | D:5      | Reached XP level 8. HP: 47/71 MP: 7/7
  4777 | D:5      | Noticed Sigmund
  4785 | D:5      | Killed Sigmund
  4823 | D:5      | Noticed Eustachio
  4837 | D:5      | Killed Eustachio
  5111 | D:5      | Noticed GoodGuyCap's ghost (novice OpMo)
  5396 | D:6      | Noticed Maggie
  5398 | D:6      | Found a blossoming altar of Fedhas.
  5417 | D:6      | Killed Maggie
  5417 | D:6      | Reached XP level 9. HP: 33/78 MP: 8/8
  5466 | D:6      | Reached skill level 5 in Dodging
  5867 | D:5      | Killed GoodGuyCap's ghost
  5867 | D:5      | Reached skill level 10 in Axes
  6130 | D:6      | Reached skill level 1 in Stealth
  6413 | D:6      | Found a shimmering blue altar of Sif Muna.
  6466 | D:6      | Got a pair of glimmering boots
  6476 | D:6      | Identified the +2 pair of boots of the Nexus {rElec rPois}
                  | (You found it on level 6 of the Dungeon)
  6793 | D:7      | Reached skill level 5 in Shields
  6842 | D:7      | Found a staircase to the Ecumenical Temple.
  6966 | D:7      | Reached ***** piety under Trog
  7740 | D:8      | Found Azokk's Weapon Shop.
  7752 | D:8      | Received a gift from Trog
  7947 | D:8      | Reached XP level 10. HP: 83/88 MP: 9/9
  8369 | D:9      | Found Umazet's Antique Armour Emporium.
  8377 | D:9      | Bought a pair of runed gloves for 202 gold pieces
  8377 | D:9      | Bought a glowing scarf for 216 gold pieces
  8485 | D:9      | Noticed a two-headed ogre
  8491 | D:9      | Killed a two-headed ogre
  8689 | D:9      | Found Xucu Uno's Distillery.
  8697 | D:9      | Bought a potion of heal wounds for 70 gold pieces
  8697 | D:9      | Bought a potion of invisibility for 112 gold pieces
  8697 | D:9      | Bought a potion of ambrosia for 112 gold pieces
  8697 | D:9      | Bought a potion of brilliance for 56 gold pieces
  8697 | D:9      | Bought a potion of curing for 42 gold pieces
  8763 | D:9      | Found Balyurph's Weapon Shop.
  8802 | D:9      | Identified the +8 long sword of Action {freeze, Dex+2}
  8863 | D:9      | Noticed Psyche
  8874 | D:9      | Killed Psyche
  9105 | D:9      | Found Zet Hiom's Gadget Shop.
  9241 | D:10     | Entered Level 10 of the Dungeon
  9284 | D:10     | Noticed Josephine
  9324 | D:10     | Killed Josephine
  9324 | D:10     | Reached XP level 11. HP: 48/95 MP: 10/10
  9325 | D:10     | Found a staircase to the Lair.
  9514 | D:10     | Noticed Fannar
  9527 | D:10     | Killed Fannar
  9634 | D:10     | Noticed a death knight
  9644 | D:10     | Killed a death knight
  9722 | D:10     | Found Nakeushre's Distillery.
  9730 | D:10     | Bought a potion of cancellation for 88 gold pieces
  9730 | D:10     | Bought a potion of curing for 33 gold pieces
 10047 | D:11     | Noticed a six-headed hydra
 10071 | D:11     | Killed a six-headed hydra
 10255 | D:11     | Reached skill level 1 in Maces & Flails
 10407 | D:11     | You fall into a shaft and drop 3 floors!
 10463 | D:14     | Noticed a two-headed ogre
 10470 | D:14     | Killed a two-headed ogre
 10470 | D:14     | Reached skill level 10 in Armour
 10492 | D:14     | Found a flagged portal.
 10499 | Bailey   | Entered a bailey
 10831 | Bailey   | Reached skill level 1 in Polearms
 10849 | Bailey   | Reached skill level 10 in Fighting
 10857 | Bailey   | Reached XP level 12. HP: 75/106 MP: 11/11
 11538 | Bailey   | Got an ichor-stained bardiche
 11546 | Bailey   | Identified the +7 bardiche "Lyjoeps" {holy, Int+2} (You
                  | found it in a bailey)
 11769 | D:14     | Noticed a tengu warrior
 11787 | D:14     | Killed a tengu warrior
 12120 | D:14     | Reached skill level 15 in Axes
 12275 | D:14     | Noticed a two-headed ogre
 12285 | D:14     | Killed a two-headed ogre
 12587 | D:14     | Found a sacrificial altar of Ru.
 12682 | D:14     | Noticed a centaur warrior
 12683 | D:14     | Found a gate to the Vaults.
 12683 | D:14     | Noticed an ironheart preserver
 12690 | D:14     | Killed a centaur warrior
 12693 | D:14     | Killed an ironheart preserver
 12699 | D:14     | Received a gift from Trog
 13036 | D:14     | Noticed a centaur warrior
 13042 | D:14     | Killed a centaur warrior
 13307 | D:13     | Found a stormy altar of Qazlal.
 13316 | D:13     | You fall into a shaft and drop 2 floors!
 13316 | D:15     | Entered Level 15 of the Dungeon
 13316 | D:15     | Found an opulent altar of Gozag.
 13344 | D:15     | Noticed a death knight
 13353 | D:15     | Killed a death knight
 13355 | D:15     | Reached XP level 13. HP: 13/119 MP: 12/12
 14017 | D:13     | Got a spiked scale mail
 14589 | D:13     | Identified the cursed +0 scale mail of Kikubaaqudgha's
                  | Regard {+Fly rN+ Str+4 Stlth-} (You found it on level 13 of
                  | the Dungeon)
 14670 | D:12     | Reached skill level 1 in Evocations
 14670 | D:12     | Reached XP level 14. HP: 119/130 MP: 13/13
 14745 | D:12     | Found a staircase to the Orcish Mines.
 15137 | D:12     | Found an opulent altar of Gozag.
 15576 | D:11     | Noticed Gastronok
 15590 | D:11     | Killed Gastronok
 16143 | D:15     | Reached skill level 10 in Dodging
 16263 | D:15     | Noticed Azrael
 16276 | D:15     | Killed Azrael
 16500 | D:15     | HP: 7/199 [phantasmal warrior[a death knight] (9)]
 17052 | D:15     | Reached skill level 15 in Fighting
 17330 | D:15     | Found a runed translucent door.
 17389 | D:15     | Reached ****** piety under Trog
 17544 | D:15     | Found a staircase to the Depths.
 18243 | D:15     | Noticed Lifa Ysm's ghost (journeyman DsBe)
 18251 | D:15     | Killed Lifa Ysm's ghost
 18391 | Lair:1   | Entered Level 1 of the Lair of Beasts
 19085 | Lair:2   | Received a gift from Trog
 19302 | Lair:2   | Reached XP level 15. HP: 121/143 MP: 14/14
 19789 | Lair:2   | Found a hole to the Spider Nest.
 20556 | Lair:3   | Found a shimmering blue altar of Sif Muna.
 20667 | Lair:3   | Found a transporter.
 20668 | Lair:3   | Found a transporter.
 21139 | Lair:4   | Found a staircase to the Swamp.
 21151 | Lair:4   | Reached skill level 1 in Long Blades
 21241 | Lair:4   | Found a gate leading to a gauntlet.
 21248 | Gauntlet | Entered a Gauntlet
 21248 | Gauntlet | Found a transporter.
 21287 | Gauntlet | Found a transporter.
 21294 | Gauntlet | Found a runed translucent gate.
 21295 | Gauntlet | Found a runed translucent gate.
 21295 | Gauntlet | Found a transporter.
 21297 | Gauntlet | Found a transporter.
 21302 | Gauntlet | Found a runed translucent gate.
 21307 | Gauntlet | Found a transporter.
 21322 | Gauntlet | Found a transporter.
 21332 | Gauntlet | Found a transporter.
 21342 | Gauntlet | Found a transporter.
 21357 | Gauntlet | Found a transporter.
 21372 | Gauntlet | Found a transporter.
 21373 | Gauntlet | Found a transporter.
 21419 | Gauntlet | Found a transporter.
 21433 | Gauntlet | Found a transporter.
 21447 | Gauntlet | Found a transporter.
 21543 | Gauntlet | Got a smoking brass ring
 21545 | Gauntlet | Identified the cursed ring "Dutz" {EV-4 Str+2 Slay+3} (You
                  | found it in a Gauntlet)
 21620 | Gauntlet | Got a heavily runed emerald amulet
 21624 | Gauntlet | Got a pitted marble ring
 21626 | Gauntlet | Identified the ring of Jikhaun {rC- rN+ MR+ Int+6 Dex+4}
                  | (You found it in a Gauntlet)
 21629 | Gauntlet | Identified the amulet "Asyneq" {Reflect *Corrode rPois rF++
                  | Int+2 SH+5} (You found it in a Gauntlet)
 21663 | Gauntlet | Identified the +7 quarterstaff of Brawling {protect, rF+
                  | rC- Int+7}
 21663 | Gauntlet | Identified the ring of the Castellan {rC+ Str+4 Int+3 Dex-3
                  | Stlth+}
 21695 | Gauntlet | Identified Hagoss's Reference Book on Congealing Ignition
 22399 | Lair:5   | Received a gift from Trog
 22959 | Lair:5   | Got a scintillating silver ring
 22961 | Lair:5   | Identified the ring "Sesec" {rElec rPois MR- Slay+5 SInv}
                  | (You found it on level 5 of the Lair of Beasts)
 22971 | Lair:5   | Got blackened storm dragon scales
 22982 | Lair:5   | Identified the +10 storm dragon scales "Imeddumupt" {+Blink
                  | rElec Dex+6} (You found it on level 5 of the Lair of
                  | Beasts)
 23396 | Lair:6   | Entered Level 6 of the Lair of Beasts
 23631 | Lair:6   | Reached skill level 10 in Shields
 23642 | Lair:6   | Found a staircase to the Slime Pits.
 23745 | Lair:6   | Reached XP level 16. HP: 147/157 MP: 15/15
 24614 | Orc:1    | Entered Level 1 of the Orcish Mines
 24615 | Orc:1    | Noticed Maurice
 24617 | Orc:1    | Found Iratz's General Store.
 24626 | Orc:1    | Killed Maurice
 24749 | Orc:2    | Entered Level 2 of the Orcish Mines
 24772 | Orc:2    | Received a gift from Trog
 24911 | Orc:2    | Found Mokkesir's Gadget Shoppe.
 24949 | Orc:2    | Found Fopet's Book Emporium.
 24955 | Orc:2    | Found Ocalum's Jewellery Shop.
 25065 | Orc:2    | Found Judienkuatz's Antique Weapon Shoppe.
 25158 | Orc:2    | Found a staircase to the Elven Halls.
 25459 | Orc:1    | Found Fopticea's Assorted Antiques.
 25476 | Orc:1    | Bought a scroll of identify for 54 gold pieces
 25476 | Orc:1    | Bought a scroll of identify for 54 gold pieces
 25628 | Orc:1    | Found Fuoly's General Store.
 25662 | Orc:1    | Found a roughly hewn altar of Beogh.
 25805 | Elf:1    | Entered Level 1 of the Elven Halls
 26011 | Elf:1    | Received a gift from Trog
 26278 | Elf:1    | Noticed Kirke
 26283 | Elf:1    | Killed Kirke
 26642 | Elf:1    | Received a gift from Trog
 26748 | Elf:1    | Reached XP level 17. HP: 151/168 MP: 16/16
 27096 | Elf:2    | Noticed a Brimstone Fiend
 27103 | Elf:2    | Noticed an Ice Fiend
 28054 | Swamp:1  | Entered Level 1 of the Swamp
 28338 | Swamp:1  | Received a gift from Trog
 28426 | Swamp:1  | Noticed Jorgrun
 28441 | Swamp:1  | Killed Jorgrun
 28711 | Swamp:1  | You fall into a shaft and drop 1 floor!
 28986 | Swamp:2  | Reached skill level 15 in Armour
 30405 | Swamp:3  | HP: 5/170 [thorn hunter/volley of thorns (15)]
 30891 | Swamp:4  | Entered Level 4 of the Swamp
 30900 | Swamp:4  | Received a gift from Trog
 32743 | Swamp:4  | Reached XP level 18. HP: 174/178 MP: 17/17
 32798 | Swamp:4  | Received a gift from Trog
 33548 | Swamp:4  | Got a decaying rune of Zot
 33815 | Spider:1 | Entered Level 1 of the Spider Nest
 33825 | Spider:1 | Noticed Asterion
 33835 | Spider:1 | Killed Asterion
 34477 | Spider:1 | Received a gift from Trog
 34835 | Spider:2 | Noticed Aizul
 34853 | Spider:2 | Killed Aizul
 37019 | Spider:3 | Noticed Arachne
 37027 | Spider:3 | Received a gift from Trog
 37048 | Spider:3 | Killed Arachne
 37970 | Spider:4 | Entered Level 4 of the Spider Nest
 38044 | Spider:4 | Reached XP level 19. HP: 178/189 MP: 18/18
 38558 | Spider:4 | Found a frozen archway.
 38566 | IceCv    | Entered an ice cave
 38686 | IceCv    | Received a gift from Trog
 39205 | Spider:4 | Received a gift from Trog
 39583 | Spider:4 | Got a gossamer rune of Zot
 40218 | Vaults:1 | Entered Level 1 of the Vaults
 41679 | Elf:2    | Found a runed translucent gate.
 41679 | Elf:2    | Found a runed translucent gate.
 41679 | Elf:2    | Found a runed translucent gate.
 41737 | Elf:2    | Noticed Roxanne
 41755 | Elf:2    | Killed Roxanne
 41998 | Elf:2    | Identified Sif Muna's Guide on the Entrancing Entourage
 42051 | Elf:2    | Received a gift from Trog
 42344 | Elf:2    | Noticed Nikola
 42356 | Elf:2    | Killed Nikola
 42485 | Elf:2    | Reached XP level 20. HP: 160/200 MP: 6/19
 42786 | Elf:3    | Entered Level 3 of the Elven Halls
 43072 | Elf:3    | Received a gift from Trog
 43105 | Elf:3    | Identified the +13 demon blade of Neurosis {antimagic,
                  | *Noise Int+7} (Trog gifted it to you on level 3 of the
                  | Elven Halls)
 43730 | Elf:3    | Cast into level 3 of the Abyss (a deep elf demonologist)
 43731 | Abyss:3  | Found a corrupted altar of Lugonu.
 44014 | Abyss:3  | Gained mutation: Armour fits poorly on your strangely
                  | shaped body. [a neqoxec]
 44056 | Abyss:3  | Received a gift from Trog
 44144 | Elf:3    | Escaped the Abyss
 44488 | Elf:3    | Cast into level 3 of the Abyss (a deep elf demonologist)
 44595 | Elf:3    | Escaped the Abyss
 45008 | Elf:3    | Identified the Tome of Poison and Evil Arts
 45229 | Elf:3    | Identified the Almanac of the Thirsty Suns
 46320 | Vaults:2 | Paralysed by a great orb of eyes for 6 turns
 46509 | Vaults:2 | Reached XP level 21. HP: 210/210 MP: 6/20
 46634 | Vaults:2 | Reached skill level 15 in Dodging
 46662 | Vaults:2 | Received a gift from Trog
 46796 | Vaults:2 | Found a portal to a secret trove of treasure.
 47255 | Vaults:2 | You paid a toll of a +13 demon blade to enter a treasure
                  | trove
 47256 | Trove    | Entered a treasure trove
 47266 | Trove    | Got a clouded golden ring
 47268 | Trove    | Got a crude crystal amulet
 47272 | Trove    | Got a pitted wooden ring
 47274 | Trove    | Got a clouded tin ring
 47276 | Trove    | Got a brightly glowing garnet amulet
 47278 | Trove    | Got a bound tin ring
 47299 | Trove    | Identified the ring of the Invisible Hand {+Fly rN+ MP+9}
                  | (You found it in a treasure trove)
 47303 | Trove    | Identified the ring of Ecor {+Fly rC+ MR+ Str+2} (You found
                  | it in a treasure trove)
 47306 | Trove    | Identified the ring "Ebbit" {rN++ MR+ Str+3} (You found it
                  | in a treasure trove)
 47308 | Trove    | Identified the ring "Toigesib" {Fire rN+} (You found it in
                  | a treasure trove)
 47311 | Trove    | Identified the amulet of Jieff {Faith rN+ Str-4 Int+3
                  | Dex+5} (You found it in a treasure trove)
 47313 | Trove    | Identified the amulet "Tihoad" {Inacc rN+ SInv} (You found
                  | it in a treasure trove)
 47316 | Trove    | Got a shimmering jade ring
 47318 | Trove    | Identified the ring "Cefuki" {rF+ rC- rN+ Str+5} (You found
                  | it in a treasure trove)
 47330 | Trove    | Got a faintly glowing marble ring
 47331 | Trove    | Identified the ring "Ykouwiko" {Str+3 Int+8 Dex+6} (You
                  | found it in a treasure trove)
 47335 | Trove    | Got a shimmering pewter amulet
 47336 | Trove    | Identified the amulet of Wukimpal {Acrobat +Blink Dex+3}
                  | (You found it in a treasure trove)
 47342 | Trove    | Got a brightly glowing wooden ring
 47343 | Trove    | Identified the ring of Noqyetry {rC+ rCorr Int+4 Dex+3}
                  | (You found it in a treasure trove)
 47703 | Vaults:2 | Found Buebac's General Store.
 47824 | Vaults:3 | Found Yschad's Assorted Antiques.
 48024 | Vaults:3 | Bought a dented garnet amulet for 155 gold pieces
 48024 | Vaults:3 | Bought a wavering turquoise ring for 155 gold pieces
 48025 | Vaults:3 | Identified the ring "Aneih" {rCorr Str+4 SInv} (You bought
                  | it in a shop on level 3 of the Vaults)
 48460 | Vaults:3 | Received a gift from Trog
 48853 | Vaults:3 | Found a staircase to the Crypt.
 48853 | Vaults:3 | Found an ancient bone altar of Kikubaaqudgha.
 48854 | Vaults:3 | Found a basalt altar of Yredelemnul.
 49097 | Vaults:3 | Upgraded the game from 0.26-a0-667-g92642533e4 to
                  | 0.26-a0-672-g1df16c3386
 49144 | Vaults:4 | Noticed Frederick
 49152 | Vaults:4 | Killed Frederick
 49198 | Vaults:4 | Reached skill level 15 in Shields
 49223 | Vaults:4 | Received a gift from Trog
 49228 | Vaults:4 | Got a transparent battleaxe {god gift}
 49229 | Vaults:4 | Identified the +12 battleaxe of the Apocalypse {vorpal, rF-
                  | Int+8} (Trog gifted it to you on level 4 of the Vaults)
 49471 | Vaults:4 | Reached XP level 22. HP: 201/222 MP: 7/21
 49648 | Vaults:4 | Received a gift from Trog
 50819 | Vaults:5 | Entered Level 5 of the Vaults
 50876 | Vaults:5 | Noticed an ancient lich
 50892 | Vaults:4 | Received a gift from Trog
 51324 | Vaults:4 | Killed an ancient lich
 51431 | Vaults:5 | Identified the +9 quarterstaff of Brawling {freeze, rElec
                  | rF++ SInv}
 51440 | Vaults:5 | Noticed a golden dragon
 51798 | Vaults:4 | Killed a golden dragon
 52339 | Vaults:5 | Noticed an ancient lich
 52340 | Vaults:5 | Reached XP level 23. HP: 232/232 MP: 7/22
 52475 | Vaults:5 | Killed an ancient lich
 52501 | Vaults:5 | Reached skill level 27 in Axes
 52599 | Vaults:5 | Received a gift from Trog
 52998 | Vaults:5 | Got a silver rune of Zot
 53394 | Vaults:5 | Found Yshratumpoi's Distillery.
 53405 | Vaults:5 | Identified Sif Muna's Reference Book on Aerial Ignition
 53486 | Vaults:5 | Bought a potion of curing for 60 gold pieces
 53486 | Vaults:5 | Bought a potion of curing for 60 gold pieces
 54524 | Crypt:1  | Entered Level 1 of the Crypt
 55180 | Crypt:1  | Received a gift from Trog
 55832 | Crypt:2  | Reached XP level 24. HP: 244/244 MP: 7/22
 55983 | Crypt:2  | Received a gift from Trog
 56865 | Crypt:3  | Entered Level 3 of the Crypt
 57141 | Crypt:3  | Received a gift from Trog
 57268 | Crypt:3  | Found an ancient bone altar of Kikubaaqudgha.
 57301 | Crypt:3  | Identified the +8 hand axe "Minotaur's Foe" {protect, *Slow
                  | rN+ MR+}
 57353 | Crypt:3  | Got a wavering iron ring
 57494 | Crypt:3  | Found a staircase to the Tomb.
 57614 | Crypt:3  | Found a shimmering blue altar of Sif Muna.
 57631 | Crypt:3  | Gained mutation: You have an increased reservoir of magic.
                  | (+10% MP) [a neqoxec]
 57777 | Crypt:3  | Identified the ring "Iskesonn" {rN+ Int+6 SInv} (You found
                  | it on level 3 of the Crypt)
 57871 | Crypt:3  | Got a translucent ivory amulet
 57874 | Crypt:3  | Identified the amulet of Diot {MR+ Regen+ Str+3 Int-2
                  | Stlth+} (You found it on level 3 of the Crypt)
 57875 | Crypt:3  | Identified the ring "Cusutt" {rN+ Dex+2} (You found it on
                  | level 3 of the Crypt)
 57876 | Crypt:3  | Identified the ring of the Death Scarab {rN+ Str+4} (You
                  | found it on level 3 of the Crypt)
 58142 | Crypt:3  | Received a gift from Trog
 58294 | Tomb:1   | Entered Level 1 of the Tomb of the Ancients
 58436 | Tomb:1   | Noticed a greater mummy
 58438 | Tomb:1   | Noticed a greater mummy
 58449 | Tomb:1   | Killed a greater mummy
 58455 | Tomb:1   | Killed a greater mummy
 58992 | Tomb:1   | Reached skill level 27 in Fighting
 59555 | Tomb:1   | Lost mutation: You have an increased reservoir of magic.
                  | (+10% MP) [potion of mutation]
 59555 | Tomb:1   | Lost mutation: Armour fits poorly on your strangely shaped
                  | body. [potion of mutation]
 59555 | Tomb:1   | Gained mutation: You have a pair of large horns on your
                  | head. [potion of mutation]
 59555 | Tomb:1   | Gained mutation: Your muscles are strong. (Str +2) [potion
                  | of mutation]
 59555 | Tomb:1   | Gained mutation: Your natural rate of healing is unusually
                  | fast. [potion of mutation]
 59555 | Tomb:1   | Gained mutation: You have very sharp teeth. [potion of
                  | mutation]
 59918 | Depths:1 | Entered Level 1 of the Depths
 59918 | Depths:1 | Found Plog's Antique Armour Boutique.
 59936 | Depths:1 | Received a gift from Trog
 59974 | Depths:1 | Reached XP level 25. HP: 257/257 MP: 7/22
 60003 | Depths:1 | Found a one-way gate leading to the halls of Pandemonium.
 60018 | Depths:1 | Found a gateway to Hell.
 60043 | Depths:1 | You fall into a shaft and drop 1 floor!
 60150 | Depths:2 | Found a shimmering altar of Xom.
 60536 | Depths:2 | Noticed Sojobo
 60542 | Depths:2 | Killed Sojobo
 60679 | Depths:2 | Noticed the Enchantress
 60690 | Depths:2 | Paralysed by a floating eye for 3 turns
 60747 | Depths:2 | Killed the Enchantress
 60753 | Depths:2 | Received a gift from Trog
 61042 | Depths:2 | Found Jiop's Magic Scroll Boutique.
 61050 | Depths:2 | Bought a scroll of enchant armour for 172 gold pieces
 61050 | Depths:2 | Bought a scroll of acquirement for 1196 gold pieces
 61051 | Depths:2 | Acquired 619 gold pieces
 61191 | Depths:2 | Got a twitching steel ring
 61368 | Depths:3 | Found a transporter.
 61961 | Depths:1 | Received a gift from Trog
 62349 | Depths:4 | Found a one-way gate to the infinite horrors of the Abyss.
 62968 | Depths:3 | Found a sacrificial altar of Ru.
 63008 | Depths:3 | Reached XP level 26. HP: 252/266 MP: 7/22
 63027 | Depths:3 | Identified the ring of the Hero {+Inv rPois rN+++ Str-3
                  | Stlth+} (You found it on level 2 of the Depths)
 63076 | Depths:3 | Paralysed by a floating eye for 3 turns
 63087 | Depths:3 | Noticed a juggernaut
 63097 | Depths:3 | Killed a juggernaut
 63132 | Depths:3 | Found a radiant altar of Vehumet.
 63172 | Depths:3 | Received a gift from Trog
 63259 | Depths:3 | Found a gateway to a ziggurat.
 63280 | Depths:3 | Paralysed by a floating eye for 4 turns
 63410 | Depths:3 | Noticed Saint Roka
 63429 | Depths:3 | Killed Saint Roka
 63446 | Depths:3 | Got a pitted jade ring
 63449 | Depths:3 | Identified the ring of the Voivode {rF- rN++ Dex+3 Stlth+}
                  | (You found it on level 3 of the Depths)
 63567 | Depths:3 | Got a brightly glowing bone ring
 63586 | Depths:3 | Identified the ring of Oxewo {rPois MP-9 EV+4 Str+2} (You
                  | found it on level 3 of the Depths)
 63627 | Depths:3 | Found a transporter.
 63720 | Depths:3 | Got an ancient lapis lazuli ring
 63722 | Depths:3 | Identified the ring "Doweu" {rPois Int+6 Dex+3 SInv Stlth+}
                  | (You found it on level 3 of the Depths)
 64066 | Depths:4 | Received a gift from Trog
 64204 | Depths:5 | Entered Level 5 of the Depths
 64424 | Depths:5 | Found a flickering gateway to a bazaar.
 64430 | Bazaar   | Entered a bazaar
 64430 | Bazaar   | Found Oplubewa's Gadget Boutique.
 64430 | Bazaar   | Found Muotrod's Distillery.
 64430 | Bazaar   | Found Xueng's Antique Armour Boutique.
 64430 | Bazaar   | Found Uzokar's General Store.
 64430 | Bazaar   | Found Pexkeodwoh's Distillery.
 64442 | Bazaar   | Bought a potion of curing for 33 gold pieces
 64446 | Bazaar   | Bought 3 potions of invisibility for 312 gold pieces
 64446 | Bazaar   | Bought a potion of curing for 39 gold pieces
 64446 | Bazaar   | Bought a potion of curing for 39 gold pieces
 64446 | Bazaar   | Bought 2 potions of haste for 260 gold pieces
 64448 | Bazaar   | Bought a wand of acid (13) for 442 gold pieces
 64761 | Depths:5 | Found a gate to the Realm of Zot.
 65192 | Depths:5 | Received a gift from Trog
 65592 | Zot:1    | Entered Level 1 of the Realm of Zot
 66160 | Zot:1    | Reached XP level 27. HP: 262/273 MP: 7/22
 67363 | Zot:2    | Received a gift from Trog
 67968 | Zig:1    | Entered Level 1 of a ziggurat
 67998 | Zig:2    | Entered Level 2 of a ziggurat
 67999 | Zig:2    | Noticed Ogocycri the pandemonium lord
 68008 | Zig:2    | Killed Ogocycri the pandemonium lord
 68008 | Zig:2    | Reached skill level 27 in Shields
 68024 | Zig:3    | Entered Level 3 of a ziggurat
 68051 | Zig:4    | Entered Level 4 of a ziggurat
 68084 | Zig:4    | Got a glittering bronze ring
 68086 | Zig:4    | Identified the ring of Midsummer {rElec rPois rC+ Int-3
                  | Stlth-} (You found it on level 4 of a ziggurat)
 68099 | Zig:5    | Entered Level 5 of a ziggurat
 68171 | Zig:6    | Entered Level 6 of a ziggurat
 68178 | Zig:6    | Noticed an ancient lich
 68184 | Zig:6    | Killed an ancient lich
 68187 | Zig:6    | Received a gift from Trog
 68213 | Zig:7    | Entered Level 7 of a ziggurat
 68218 | Zig:7    | Lost intelligence.
 68232 | Zig:7    | Found the +27 Lear's hauberk
 68362 | Zig:7    | Reached skill level 1 in Throwing
 68362 | Zig:7    | Reached skill level 1 in Unarmed Combat
 68490 | Zig:8    | Entered Level 8 of a ziggurat
 68672 | Zig:9    | Entered Level 9 of a ziggurat
 68688 | Zig:9    | Paralysed by accursed screaming for 1 turns
 68691 | Zig:9    | Paralysed by accursed screaming for 1 turns
 68694 | Zig:9    | Gained mutation: Scrolls take you a little longer to read.
                  | [a shining eye]
 68696 | Zig:9    | Paralysed by accursed screaming for 2 turns
 68727 | Zig:9    | Found the +3 warlock's mirror {reflect}
 68925 | Zig:10   | Entered Level 10 of a ziggurat
 68949 | Zig:10   | Received a gift from Trog
 69123 | Zig:11   | Entered Level 11 of a ziggurat
 69233 | Zig:11   | Got a fine bronze amulet
 69256 | Zig:12   | Entered Level 12 of a ziggurat
 69323 | Zig:12   | Got a vibrating pewter ring
 69325 | Zig:12   | Identified the ring of Fedhas's Supremacy {Str+2 Dex+7
                  | Stlth-} (You found it on level 12 of a ziggurat)
 69354 | Zig:13   | Entered Level 13 of a ziggurat
 69376 | Zig:13   | Noticed a juggernaut
 69388 | Zig:13   | Noticed a juggernaut
 69391 | Zig:13   | Noticed a juggernaut
 69393 | Zig:13   | Noticed a juggernaut
 69416 | Zig:13   | Killed a juggernaut
 69416 | Zig:13   | Received a gift from Trog
 69418 | Zig:13   | Killed a juggernaut
 69424 | Zig:13   | Killed a juggernaut
 69432 | Zig:13   | Noticed a juggernaut
 69432 | Zig:13   | Noticed a juggernaut
 69514 | Zig:13   | Got a sparkling turquoise ring
 69516 | Zig:13   | Identified the cursed ring of the Moon {+Inv EV-4} (You
                  | found it on level 13 of a ziggurat)
 69526 | Zig:13   | Got a dazzling broad axe
 69544 | Zig:13   | Identified the +4 broad axe of Iconoclasm {flame, rN+ MR+}
                  | (You found it on level 13 of a ziggurat)
 69548 | Zig:14   | Entered Level 14 of a ziggurat
 69561 | Zig:14   | Lost intelligence.
 69601 | Zig:14   | Gained mutation: You often lose your temper in combat. [a
                  | neqoxec]
 69620 | Zig:14   | Paralysed by accursed screaming for 1 turns
 69625 | Zig:14   | Received a gift from Trog
 69630 | Zig:14   | Found the +8 demon blade "Leech" {vamp, *Rage +Rage rN+}
 69685 | Zig:14   | Identified the amulet "Seun" {Reflect rF- Str+3 Dex+3 SH+5}
                  | (You found it on level 11 of a ziggurat)
 69893 | Zig:15   | Entered Level 15 of a ziggurat
 69931 | Zig:15   | HP: 20/409 [Ice Fiend/bolt of cold (2)]
 69934 | Zig:15   | HP: 5/273 [reaper/+2 scythe of venom (12)]
 70225 | Zig:16   | Entered Level 16 of a ziggurat
 70295 | Zig:16   | Received a gift from Trog
 70302 | Zig:16   | HP: 20/409 [merfolk javelineer/silver javelin (9)]
 70304 | Zig:16   | HP: 9/409 [merfolk javelineer/silver javelin (2)]
 70305 | Zig:16   | Reached skill level 27 in Armour
 70307 | Zig:16   | Hit by a silver javelin thrown by a merfolk javelineer

Illustrated notes

Levels and vault maps discovered:
D:1:      lordsloth_arrival_two_stooges, layout_basic, minmay_misc_feat_columns,
          evilmike_ruin_ashenzari
D:2:      layout_rooms, chequers_arboretum
D:3:      layout_loops_ring, gammafunk_ghost_mausoleum
D:4:      minmay_general_purpose_star, layout_rooms, serial_shops, shop,
          lightli_sewer_entry_pipes, hangedman_abyss_or_decor_stabs
D:5:      layout_basic, ebering_ghost_rock_garden, uniq_sigmund, uniq_eustachio,
          uniq_pikel
D:6:      layout_loops_cross, led_sif_book, fedhas_altar_2, uniq_maggie
D:7:      layout_loops_ring, minmay_temple_entry_slanted
D:8:      minmay_goldmine, layout_loops_cross, kennysheep_windowed_goal
D:9:      layout_long_grid, serial_shops, shop_fountains, shop,
          kennysheep_mini_moat, shop_fountains, minmay_fractal_squares_5,
          uniq_psyche
D:10:     layout_rooms, minmay_lair_entry_grove, serial_shops, shop_fountains,
          uniq_fannar, uniq_josephine
D:11:     layout_loops_ring, uniq_gastronok
D:12:     layout_rooms, minmay_orc_entry_guard_dogs, basic_altar
D:13:     layout_cave_pods, nicolae_qazlal_general_emergency
D:14:     layout_irregular_city, skrybe_vaults_entry_preservation,
          enter_bailey_3, nicolae_ru_path_of_blood, serial_bayou_pond_e
D:15:     gammafunk_enter_depths_forms, layout_irregular_city,
          ebering_ghost_reflecting_pool, nicolae_gozag_seed_capital, uniq_azrael
Lair:1:   layout_chaotic_city
Lair:2:   layout_roguey, spider_nest_entry_webs, serial_bayou_pond_c,
          zaba_anthell, lemuel_fruit_tree
Lair:3:   gammafunk_boulding_lane, layout_loops_ring, basic_altar, pond,
          infiniplex_staircase_pool, lemuel_fruit_fields
Lair:4:   layout_loops_ring, skrybe_swamp_entry_bodies, gauntlet_entry_generic
Lair:5:   layout_regular_city, minmay_lair_oklob_chamber
Lair:6:   grunt_lair_end_beastmaster, layout_gridlike, dpeg_slime_entry_corner,
          serial_bayou_shore_a, grunt_megastairs_5
Swamp:1:  layout_falls_marsh, hangedman_swamp_ruin_wall, uniq_jorgrun
Swamp:2:  layout_falls_marsh, serial_swamp_ruin, evilmike_swamp_ruin_house_2,
          evilmike_swamp_ruin_rubble_1, evilmike_swamp_ruin_house_6
Swamp:3:  layout_falls_marsh, evilmike_swamp_ruin_house_3, swamp_pool5,
          st_shrine_of_shade
Swamp:4:  swamp_alternative, layout_basic_swamp, swamp_pool2,
          hangedman_swamp_lotus
Spider:1: layout_spider_delve, uniq_asterion
Spider:2: layout_chambers, uniq_aizul
Spider:3: spiders_nest_scorpion_pit, uniq_arachne
Spider:4: spider_rune_water, portal_ice_cave_entry_pillars_four, drop_trap,
          nicolae_spider_cling_ruins
Orc:1:    layout_caves, serial_shops, shop, shop, shop, basic_altar,
          uniq_maurice
Orc:2:    st_orc_open, layout_diamond_mine
Elf:1:    eino_elf_arrival_sip, layout_loops_corners, minmay_elf_sorcery,
          grunt_ministairs_14, uniq_kirke
Elf:2:    layout_geoelf_octagon, serial_glass, glass_columns_a, glass_columns_c,
          minmay_checkered_concentric_circles, uniq_nikola, uniq_roxanne
Elf:3:    elf_hall_gauntlet_wide, layout_loops_cross
Vaults:1: v_misc_24, grunt_vaults_hallway_short, hangedman_vaults_slice,
          nicolae_vaults_mini_display_case, ontoclasm_vaults_ring_square,
          layout_vaults_omnigrid
Vaults:2: vaults_room_corners, ontoclasm_vaults_loading_screen, v_misc_1,
          ontoclasm_vaults_tryst, v_misc_3,
          vaults_room_grunt_arrival_checkpoint, nicolae_vaults_halls_meeting,
          v_misc_1, grunt_vaults_swirl, nicolae_vaults_diagonal_hallway_7,
          ontoclasm_vaults_fault, nicolae_vaults_little_squares_4,
          nicolae_vaults_asterisk, layout_vaults_omnicross, enter_trove_1,
          serial_shops, nicolae_shop_statue_plus
Vaults:3: v_misc_27, minmay_crypt_entry_necro_gods, v_misc_32,
          hangedman_vaults_capsules, v_misc_28, v_misc_11, st_octagons_1,
          ontoclasm_vaults_chip, ontoclasm_vaults_ligature,
          nicolae_vaults_angled_halls, layout_vaults_maze_bifur, serial_shops,
          shop
Vaults:4: vaults_room_hallway, v_pattern_4, vaults_room_hallway, v_misc_29,
          st_more_cells, v_misc_5, hangedman_vaults_cutoff,
          nicolae_vaults_border_crossing, v_misc_1, layout_vaults_big_room,
          uniq_frederick
Vaults:5
Crypt:1:  layout_catacombs, minivault_26
Crypt:2:  layout_catacombs, nicolae_crypt_niches, corner_web_ring,
          tombwall_bobbens
Crypt:3:  church_of_pain_bobbens, layout_chaotic_city,
          nicolae_tomb_entry_unfolded_pyramid_orthogonal,
          hangedman_summoners_spam
Tomb:1
Depths:1: layout_long_grid, serial_shops, nicolae_shop_statue_plus,
          rand_demon_pan_entry_7, kennysheep_small_spiral, hell_entry,
          serial_bayou_lagoon_a, minmay_starry_boxes
Depths:2: evilmike_lava_path, layout_gridlike, old_standard_altar, serial_shops,
          shop, pf_vacation_house_of_asmodeus, kennysheep_crisscross,
          minmay_evil_grid, infiniplex_staircase_pillars_2, uniq_enchantress,
          uniq_sojobo
Depths:3: hangedman_spin_cycle, pan_entry, hell_entry
Depths:4: nooodl_glass_maze, layout_cave_shapes, minmay_misc_feat_four_crosses,
          abyss_entry, hell_entry, kennysheep_generic_room_12
Depths:5: grunt_zot_entry_tricorne, layout_long_grid, serial_shops,
          bzr_entry_safe, minmay_misc_feat_nine_boxes, hell_entry,
          nicolae_lava_and_water, roderic_roman_lattice, grunt_megastairs_2
Zot:1:    layout_cathedral_of_symmetry, st_stairs_8, zot_minivault_4
Zot:2:    layout_onion_interference, grunt_ministairs_2, bh_zot_ikea_curve,
          st_stairs_10, grunt_megastairs_1
Zig:16

Skill      XL: |  1  2  3  4  5  6  7  8  9 10 11 12 13 14 15 16 17 18 19 20 21 22 23 24 25 26 27 |
---------------+----------------------------------------------------------------------------------+-----
Axes           | 4 5 7 8 9 10 13 14 16 18 19 20 22 23 24 25 26 27 | 27.0
Fighting       | 4 5 6 7 8 10 12 13 15 18 19 20 21 22 23 24 25 27 | 27.0
Shields        | 1 2 3 4 6 7 8 9 10 11 12 13 15 16 18 19 22 25 27 | 27.0
Armour         | 3 5 6 8 9 10 11 13 14 15 16 17 18 19 20 21 22 27 | 27.0
Dodging        | 3 4 5 6 7 8 9 10 11 12 13 14 15 16 17 18 19 22 | 22.4
Stealth        | 1 2 3 4 |  4.8
Maces & Flails | 1 2 |  2.0
Polearms       | 1 3 |  3.2
Evocations     | 1 2 |  2.6
Long Blades    | 2 4 |  4.7
Throwing       | 1 |  1.4
Unarmed Combat | 1 |  1.5

Action                   |  1- 3 |  4- 6 |  7- 9 | 10-12 | 13-15 | 16-18 | 19-21 | 22-24 | 25-27 || total
-------------------------+-------+-------+-------+-------+-------+-------+-------+-------+-------++-------
Melee: Hand axe          |    57 |   174 |   383 |       |       |       |       |       |       ||   614
       Headbutt          |    10 |    50 |   102 |   115 |   198 |   301 |   378 |   470 |   549 ||  2173
       War axe           |       |       |    59 |    25 |       |       |       |       |       ||    84
       Broad axe         |       |       |       |   316 |   136 |   317 |   873 |  1269 |  1715 ||  4626
       Trident           |       |       |       |   182 |       |       |       |       |       ||   182
       Morningstar       |       |       |       |     9 |    10 |       |       |       |       ||    19
       Battleaxe         |       |       |       |    29 |   540 |       |       |       |       ||   569
       Scimitar          |       |       |       |       |    24 |   104 |       |       |       ||   128
       Executioner's axe |       |       |       |       |       |   638 |   276 |       |       ||   914
       Bite              |       |       |       |       |       |       |       |       |   311 ||   311
Invok: Berserk           |     2 |     1 |     6 |     8 |    14 |     8 |     4 |     9 |    10 ||    62
       Trog's Hand       |       |       |     1 |     3 |       |     4 |     2 |       |     2 ||    12
       Brothers in Arms  |       |       |       |     3 |     5 |     7 |     3 |       |     8 ||    26
Evoke: Wand              |       |       |       |     1 |       |       |       |       |       ||     1
  Use: Potion            |     1 |       |     1 |     2 |     1 |    13 |     6 |     2 |    15 ||    41
       Scroll            |       |     2 |     6 |     6 |    15 |     6 |    12 |    16 |    15 ||    78
 Stab: Petrified         |       |       |       |       |     6 |       |       |       |       ||     6
       Distracted        |       |       |       |       |     3 |     1 |     2 |     1 |     2 ||     9
       Confused          |       |       |       |       |       |     3 |       |       |       ||     3
       Invisible         |       |       |       |       |       |       |       |       |     8 ||     8
Armor: Animal skin       |     8 |     1 |       |       |       |       |       |       |       ||     9
       Chain mail        |       |    57 |    59 |       |       |       |       |       |       ||   116
       Plate armour      |       |       |   100 |   261 |   289 |       |       |       |       ||   650
       Storm dragon scal |       |       |       |       |    33 |   824 |   276 |    77 |       ||  1210
       Gold dragon scale |       |       |       |       |       |       |       |   168 |   564 ||   732
Dodge: Dodged            |    27 |    44 |    74 |   170 |   357 |   660 |   337 |   242 |   478 ||  2389
Block: Kite shield       |    13 |    70 |    71 |       |       |       |       |       |       ||   154
       Tower shield      |       |       |   195 |   444 |   146 |   269 |   901 |  1632 |  2741 ||  6328
       Reflection        |       |       |       |       |     1 |    29 |    99 |    60 |   194 ||   383
       Other             |       |       |       |       |       |   187 |    61 |       |       ||   248
       Rpst.: Scimitar   |       |       |       |       |     1 |    17 |       |       |       ||    18

Table legend: (Time is in decaauts)
 A = Elapsed time spent in this place.
 B = Non-inter-level travel time spent in this place.
 C = Inter-level travel time spent in this place.
 D = Time resting spent in this place.
 E = Time spent auto-exploring this place.
 F = Levels seen in this place.
 G = Mean time per level.
                   A        B        C        D        E       F      G
               +--------+--------+--------+--------+--------+-----+--------+
         Total |  70388 |  65447 |   4941 |   7341 |  43984 |  74 |  951.2 |
       Dungeon |  17589 |  15858 |   1731 |   1060 |  12105 |  15 | 1172.6 |
          Lair |   5996 |   5298 |    698 |     96 |   4302 |   6 |  999.3 |
         Swamp |   6072 |   5826 |    246 |    994 |   3745 |   4 | 1518.0 |
   Spider Nest |   5968 |   5817 |    151 |    732 |   4379 |   4 | 1492.0 |
  Orcish Mines |   1356 |   1047 |    309 |      0 |    804 |   2 |  678.0 |
   Elven Halls |   5627 |   5112 |    515 |   1074 |   2920 |   3 | 1875.7 |
        Vaults |   9344 |   8753 |    591 |   2084 |   5098 |   5 | 1868.8 |
         Crypt |   3718 |   3445 |    273 |      0 |   2509 |   3 | 1239.3 |
          Tomb |   1344 |   1253 |     91 |    399 |    624 |   1 | 1344.0 |
        Depths |   5498 |   5224 |    274 |      0 |   3594 |   5 | 1099.6 |
           Zot |   2243 |   2183 |     60 |      0 |   1838 |   2 | 1121.5 |
         Abyss |    509 |    509 |      0 |      0 |    293 |   2 |  254.5 |
      Ziggurat |   2240 |   2240 |      0 |    668 |    507 |  16 |  140.0 |
        Bazaar |     26 |     26 |      0 |      0 |     15 |   1 |   26.0 |
         Trove |     92 |     92 |      0 |      0 |      7 |   1 |   92.0 |
         Sewer |    698 |    698 |      0 |      0 |    391 |   1 |  698.0 |
        Bailey |   1247 |   1247 |      0 |    204 |    590 |   1 | 1247.0 |
      Ice Cave |    289 |    289 |      0 |      4 |     20 |   1 |  289.0 |
      Gauntlet |    521 |    521 |      0 |     23 |    238 |   1 |  521.0 |
               +--------+--------+--------+--------+--------+-----+--------+

Top non-repeatable levels by time:
Vaults:4: 3336 daAuts
    D:15: 2722 daAuts
   Elf:3: 2176 daAuts
   Elf:2: 2035 daAuts
Spider:2: 1815 daAuts
    D:14: 1781 daAuts
Spider:4: 1748 daAuts
 Swamp:4: 1667 daAuts
Vaults:5: 1566 daAuts
 Swamp:3: 1556 daAuts
Vaults:2: 1519 daAuts
Vaults:1: 1491 daAuts
 Swamp:1: 1479 daAuts
Vaults:3: 1431 daAuts
   Elf:1: 1415 daAuts
